 Seeded DCSS version 0.30-a0-359-gd0147acb1a (webtiles) character file.

Game seed: 18446744073709551615 (custom seed)

795 gamesnag the Chopper (level 7, -3/61 HPs)
             Began as a Pale Draconian Berserker on Nov 11, 2022.
             Was a Priest of Trog.
             Slain by an iguana (9 damage)
             ... on level 5 of the Dungeon.
             The game lasted 00:16:47 (4598 turns).

gamesnag the Chopper (Pale Draconian Berserker)     Turns: 4598, Time: 00:16:48

Health: -3/61      AC:  6    Str: 21    XL:     7   Next: 58%
Magic:  7/7        EV: 13    Int: 10    God:    Trog [***...]
Gold:   306        SH:  0    Dex: 11    Spells: 6/6 levels left

rFire   . . .      SeeInvis +    i - +3 dagger "Wetunah" {vorpal, *Slow Int+3 SInv}
rCold   . . .      Faith    .    (no shield)
rNeg    . . .      Spirit   .    (body armour unavailable)
rPois   .          Reflect  .    (helmet restricted)
rElec   .          Harm     .    (no cloak)
rCorr   .          Rampage  .    (no gloves)
Will    .....                    (no boots)
Stlth   ++........               (no amulet)
HPRegen 0.30/turn                (no ring)
MPRegen 0.10/turn                (no ring)

@: no status effects
A: breathe steam, AC +6, unfitting armour, cold-blooded, steam resistance
a: Breathe Steam, Renounce Religion, Berserk, Trog's Hand


You were on level 5 of the Dungeon.
You worshipped Trog.
Trog was most pleased with you.
You visited 1 branch of the dungeon, and saw 5 of its levels.

You collected 306 gold pieces.

Inventory:

Hand Weapons
 a - a +0 hand axe
 i - the +3 dagger "Wetunah" (weapon) {vorpal, *Slow Int+3 SInv}
   (You found it on level 2 of the Dungeon)

   It inflicts extra damage upon your enemies.
   Int:       It affects your intelligence (+3).
   SInv:      It lets you see invisible.
   *Slow:     It may slow you when you take damage.
Scrolls
 b - a scroll of enchant weapon {unknown}
 c - a scroll of magic mapping {unknown}
 f - 2 scrolls of torment {unknown}
 g - a scroll of noise
 k - a scroll of immolation {unknown}
 n - 4 scrolls of teleportation
 o - 2 scrolls of vulnerability {unknown}
 p - 2 scrolls of enchant armour {unknown}
 q - a scroll of fear {unknown}
 r - a scroll of identify
 t - a scroll of amnesia {unknown}
 u - a scroll of poison {unknown}
Potions
 d - 3 potions of degeneration
 e - 3 potions of curing
 h - 3 potions of haste
 j - a potion of attraction
 l - a potion of experience {unknown}
 m - a potion of cancellation {unknown}
 s - a potion of might {unknown}
 v - a potion of ambrosia {unknown}


   Skills:
 + Level 5.2 Fighting
 + Level 1.3 Short Blades
 + Level 6.2 Axes
 + Level 5.0 Dodging
 + Level 1.7 Stealth


You had 6 spell levels left.
You didn't know any spells.
Your spell library contained the following spells:

 Spells                   Type           Power      Damage    Failure   Level
 Kiss of Death            Conj/Necr      0%         2d5       36%         1
 Confusing Touch          Hex            0%         N/A       75%         3
 Frozen Ramparts          Ice            0%         1d1       75%         3
 Tukima's Dance           Hex            0%         N/A       75%         3
 Dispel Undead            Necr           0%         3d6       98%         4
 Ice Form                 Ice/Tmut       0%         N/A       98%         4
 Passage of Golubria      Tloc           0%         N/A       98%         4
 Summon Ice Beast         Ice/Summ       0%         N/A       98%         4
 Yara's Violent Unravell  Hex/Tmut       0%         3d3       100%        5


Dungeon Overview and Level Annotations

Branches:
Dungeon (5/15)
 Temple: D:4-7

Altars:
Nemelex Xobeh


Innate Abilities, Weirdness & Mutations

You can breathe blasts of scalding, opaque steam.
Your pale cyan-grey scales are hard. (AC +6)
You cannot fit into any form of body armour.
You are cold-blooded and may be slowed by cold attacks.
You are immune to the effects of steam.


Message History

You closely miss the iguana.
The iguana is moderately wounded.
The iguana misses you.
You barely miss the iguana.
The iguana is moderately wounded.
The iguana bites you!
You hit the iguana but do no damage.
The iguana is moderately wounded.
The iguana bites you!
You closely miss the iguana. You punch the iguana, but do no damage.
The iguana is moderately wounded.
The iguana barely misses you.
You hit the iguana but do no damage.
The iguana is moderately wounded.
The iguana bites you.
You are too injured to fight recklessly!
You hit the iguana but do no damage.
The iguana is moderately wounded.
The iguana barely misses you.
You barely miss the iguana.
The iguana is moderately wounded.
The iguana closely misses you.
You hit the iguana.
The iguana is heavily wounded.
The iguana bites you!
* * * LOW HITPOINT WARNING * * *
You hit the iguana.
The iguana is severely wounded.
The iguana bites you!
* * * LOW HITPOINT WARNING * * *
You hit the iguana but do no damage.
The iguana is severely wounded.
You hit the iguana but do no damage.
Your tail-slap misses the iguana.
The iguana is severely wounded.
The iguana bites you.
* * * LOW HITPOINT WARNING * * *
You closely miss the iguana.
The iguana is severely wounded.
The iguana bites you!
You die...

#.# ###.####........## #.#
#.# #.. ..## #.# #.#
#.###.#
#.#####.#######...#.#
#...).............†.#
#.#####.#########.#.##
##.#######.#.......#.#...
#..........#....<#.#.....
#########.@l....####.#.....
................'..#.#.####
.########.......##.#.....#
#.......##.......#
#.......#####....#
##.........##....#
#.#######.##....# #.#
#.##....# #.#######^##....#


You could see an iguana.

Vanquished Creatures
  A water moccasin (D:5)
  A centaur (D:5)
  2 phantoms
  A scorpion (D:5)
  A necrophage (D:4)
  A jelly (D:4)
  3 hounds
  2 iguanas
  Natasha (D:2)
  5 adders
  A white imp (D:5)
  2 ufetubi (D:4)
  3 worms
  6 orcs (D:3)
  8 ball pythons
  5 endoplasms
  A giant cockroach (D:2)
  9 goblins
  7 hobgoblins
  5 jackals (D:2)
  7 kobolds
  4 quokkas
  6 bats
  2 frilled lizards
  5 rats
89 creatures vanquished.

Notes
Turn   | Place    | Note
-------+----------+-------------------------------------------
     0 | D:1      | gamesnag the Draconian Berserker began the quest for the
                  | Orb.
     0 | D:1      | Reached XP level 1. HP: 19/19 MP: 1/1
   133 | D:1      | Reached XP level 2. HP: 26/26 MP: 2/2
  1098 | D:2      | Reached XP level 3. HP: 27/31 MP: 3/3
  1100 | D:2      | Identified the +3 dagger "Wetunah" {vorpal, *Slow Int+3
                  | SInv}
  1137 | D:2      | Reached ** piety under Trog
  1150 | D:2      | Found a faded altar of an unknown god.
  1668 | D:2      | Reached XP level 4. HP: 37/40 MP: 4/4
  1730 | D:2      | Noticed Natasha
  1737 | D:2      | Killed Natasha
  1738 | D:2      | Reached skill level 4 in Axes
  2142 | D:3      | Reached XP level 5. HP: 37/46 MP: 5/5
  2450 | D:3      | Found a sparkling altar of Nemelex Xobeh.
  2721 | D:4      | Reached skill level 5 in Axes
  2721 | D:4      | Reached skill level 1 in Stealth
  2721 | D:4      | Reached XP level 6. HP: 20/50 MP: 6/6
  3114 | D:4      | Reached *** piety under Trog
  3749 | D:5      | Entered Level 5 of the Dungeon
  3818 | D:5      | Your scales start taking on a pale cyan-grey colour.
  3818 | D:5      | Reached XP level 7. HP: 53/60 MP: 7/7
  3818 | D:5      | Gained mutation: You are immune to the effects of steam.
                  | [Pale Draconian growth]
  4214 | D:5      | Reached skill level 5 in Fighting
  4214 | D:5      | Reached skill level 1 in Short Blades
  4214 | D:5      | Reached skill level 6 in Axes
  4334 | D:5      | Reached skill level 5 in Dodging
  4598 | D:5      | Slain by an iguana

Illustrated notes

Levels and vault maps discovered:
D:1:      dpeg_arrival_brainrot, layout_loops_ring
D:2:      layout_basic, hellmonk_ecumenical_altar_inner_sanctum,
          minmay_fountain_box, minmay_domino_2, uniq_natasha
D:3:      layout_loops_ring, nemelex_xobeh_ov_fountains_minmay,
          amcnicky_mini_pool_small
D:4:      layout_loops_ring
D:5:      layout_basic

Skill      XL: |  1  2  3  4  5  6  7 |
---------------+----------------------+-----
Dodging        | 3 4 5 |  5.0
Axes           | 4 5 6 |  6.2
Fighting       | 4 5 |  5.2
Stealth        | 1 |  1.7
Short Blades   | 1 |  1.3

Action                   |  1- 3 |  4- 6 |  7- 9 || total
-------------------------+-------+-------+-------++-------
Melee: Hand axe          |   128 |   161 |       ||   289
       Tailslap          |    13 |    21 |     2 ||    36
       Dagger            |       |    18 |    56 ||    74
       Punch             |       |     1 |     1 ||     2
Invok: Berserk           |       |     1 |     1 ||     2
       Trog's Hand       |       |     1 |       ||     1
  Use: Scroll            |       |     6 |       ||     6
       Potion            |       |       |     1 ||     1
 Stab: Sleeping          |       |     2 |       ||     2
Armor: Skin              |    55 |    57 |    15 ||   127
Dodge: Dodged            |   112 |   169 |    45 ||   326

Table legend: (Time is in decaauts)
 A = Elapsed time spent in this place.
 B = Non-inter-level travel time spent in this place.
 C = Inter-level travel time spent in this place.
 D = Time resting spent in this place.
 E = Time spent auto-exploring this place.
 F = Levels seen in this place.
 G = Mean time per level.
                   A        B        C        D        E       F      G
               +--------+--------+--------+--------+--------+-----+--------+
         Total |   4645 |   4534 |    111 |    458 |   2312 |   5 |  929.0 |
       Dungeon |   4645 |   4534 |    111 |    458 |   2312 |   5 |  929.0 |
               +--------+--------+--------+--------+--------+-----+--------+

Top non-repeatable levels by time:
     D:4: 1095 daAuts
     D:2: 1005 daAuts
     D:1: 943 daAuts
     D:5: 854 daAuts
     D:3: 747 daAuts
